Map: Orbital Shipyard

Players

CheeseGrater - Winner!

  • Race: Zerg Zerg
  • League: Diamond

LilDicky

  • Race: Terran Terran
  • League: Diamond

VOD

http://www.twitch.tv/tumescentpie

Description

Time

  • Played on: Dec. 2, 2015, 9:55 a.m.
  • Length: 10:35
Show
View Real Time Build Order
Export as new Build Order

CheeseGrater Zerg - Winner!

Build Orders: Hatch First, Muta Ling Bane 

Get SALT Encoding   

  12  0:00  Drone  
  13  0:08  Drone  
  14  0:19  Overlord  
  14  0:28  Extractor  
  13  0:29  Drone  
  15  0:40  Drone x2  
  17  0:44  Drone  
  18  0:59  Hatchery, Drone  
  18  1:05  Extractor  
  18  1:09  Drone  
  18  1:19  Spawning Pool  
  18  1:24  Drone  
  18  1:34  Drone  
  18  1:37  Drone  
  20  1:48  Overlord  
  20  2:06  Queen  
  22  2:12  Drone, Zergling x2  
  24  2:17  Queen  
  24  2:18  Drone  
  24  2:21  Drone  
  24  2:22  Drone  
  29  2:28  Metabolic Boost  
  29  2:31  Drone  
  29  2:53  Zergling x4  
  29  2:58  Queen  
  31  3:02  Drone x3  
  36  3:18  Hatchery  
  36  3:19  Overlord  
  35  3:22  Extractor  
  35  3:25  Drone x2, Extractor  
  35  3:26  Extractor  
  34  3:44  Drone x4  
  34  3:45  Drone x3, Overlord  
  41  3:51  Queen  
  44  3:55  Drone  
  44  4:08  Drone x3  
  45  4:27  Lair  
  45  4:29  Overlord  
  45  4:30  Drone x6  
  51  4:37  Drone x2  
  53  4:39  Queen  
  53  4:41  Overlord  
  53  4:42  Drone  
  56  4:46  Drone  
  56  4:52  Spine Crawler  
  56  4:55  Overlord  
  56  5:11  Evolution Chamber, Baneling Nest  
  56  5:12  Drone x2  
  56  5:13  Drone x6  
  62  5:23  Overlord  
  62  5:37  Zerg Ground Armor Level 1  
  62  5:40  Spore Crawler, Spire  
  60  5:44  Spore Crawler  
  60  5:47  Spore Crawler, Drone x2  
  60  5:48  Drone x4  
  60  5:49  Hatchery, Drone x4  
  67  5:50  Overlord, Drone  
  67  5:54  Extractor  
  67  5:56  Extractor  
  66  6:04  Overlord  
  66  6:05  Overlord x2  
  66  6:08  Centrifical Hooks  
  66  6:15  Drone x2  
  68  6:21  Overlord  
  68  6:23  Drone x2  
  68  6:24  Drone x3, Overlord  
  73  6:53  Mutalisk  
  73  6:54  Mutalisk x11  
  73  6:58  Overlord, Zergling x4  
  73  6:59  Zerg Flyer Weapons Level 1  
  99  7:07  Spore Crawler  
  100  7:12  Corruptor  
  100  7:42  Mutalisk x2  
  100  7:43  Mutalisk x4  
  110  7:57  Roach Warren, Zerg Ground Armor Level 2  
  107  8:01  Overlord, Zergling x2  
  107  8:02  Zergling x16  
  116  8:11  Evolution Chamber  
  115  8:22  Baneling  
  115  8:23  Baneling x3  
  115  8:34  Drone x2  
  115  8:37  Zerg Missile Weapons Level 1  
  115  8:38  Glial Reconstitution  
  115  8:40  Hatchery  
  116  8:42  Overlord x4  
  116  8:43  Roach  
  116  8:44  Roach x10  
  137  9:10  Overlord  
  137  9:11  Roach  
  137  9:12  Roach x11  
  159  9:37  Overlord  
  159  9:39  Roach  
  159  9:40  Roach x7  
  175  9:57  Queen  
  178  10:07  Ravager x13  
  178  10:08  Overlord  
  178  10:09  Overlord x2, Zergling x2  
Show
View Real Time Build Order
Export as new Build Order

LilDicky Terran 

Build Orders: Liberator Opening, Bio Tank, MMM Bio 

Get SALT Encoding   

  12  0:02  SCV  
  13  0:14  SCV  
  13  0:19  Supply Depot  
  14  0:27  SCV  
  15  0:34  Refinery  
  15  0:41  SCV  
  16  0:45  Barracks  
  16  0:53  SCV  
  17  1:05  SCV  
  18  1:17  SCV  
  19  1:29  SCV  
  19  1:32  Reaper  
  21  1:40  Command Center  
  21  1:45  Orbital Command  
  21  1:58  Factory  
  21  2:04  Refinery  
  21  2:05  Barracks Tech Lab  
  21  2:19  SCV  
  22  2:24  Supply Depot  
  22  2:27  Marine  
  23  2:55  Starport  
  23  3:00  Barracks Reactor  
  23  3:13  SCV, Orbital Command  
  23  3:16  Refinery  
  24  3:24  Command Center, Siege Tank  
  27  3:29  SCV  
  28  3:35  Liberator  
  28  3:39  Marine x2  
  28  3:40  SCV  
  31  3:44  SCV  
  32  3:52  SCV  
  36  3:57  Marine x2  
  37  4:03  Supply Depot  
  37  4:08  Siege Tank  
  40  4:19  Marine x2  
  40  4:20  SCV x2  
  44  4:27  Liberator  
  44  4:31  Liberator  
  44  4:32  SCV  
  44  4:33  SCV  
  46  4:41  Orbital Command  
  49  4:50  Supply Depot  
  52  5:00  Siege Tank  
  52  5:02  Orbital Command  
  56  5:09  Barracks Reactor  
  56  5:12  Barracks  
  55  5:14  Barracks  
  55  5:16  SCV  
  55  5:17  SCV  
  57  5:25  Refinery  
  57  5:26  Liberator  
  57  5:29  SCV x2  
  57  5:31  SCV  
  57  5:34  Siege Tank  
  66  5:52  SCV x3  
  69  5:59  Engineering Bay x2  
  69  6:01  Barracks Tech Lab x2  
  69  6:02  Marine x2  
  69  6:04  SCV  
  72  6:06  Siege Tank  
  72  6:08  Refinery  
  72  6:09  Refinery  
  75  6:22  Supply Depot  
  75  6:24  SCV x2  
  77  6:28  Supply Depot  
  77  6:30  Combat Shields, Stimpack  
  77  6:31  Marine x4  
  77  6:32  SCV  
  82  6:34  Terran Infantry Weapons Level 1  
  82  6:40  Terran Infantry Armor Level 1  
  82  6:41  SCV x2  
  84  6:49  Marine x4  
  88  6:56  SCV  
  88  6:59  Medivac  
  88  7:00  Medivac  
  93  7:02  Siege Tank  
  93  7:07  Marine  
  97  7:09  Marine x2  
  97  7:13  Supply Depot  
  99  7:16  Supply Depot  
  99  7:30  Liberator x2  
  87  7:43  Marine x3  
  81  7:44  Marine  
  79  8:01  Marine x3  
  79  8:02  Marine  
  79  8:03  Supply Depot  
  83  8:09  Missile Turret  
  84  8:12  SCV  
  84  8:13  SCV  
  84  8:14  Barracks x2  
  84  8:15  Missile Turret  
  84  8:18  Missile Turret  
  85  8:22  Armory, Marine  
  85  8:23  Marine x3  
  89  8:30  Missile Turret  
  89  8:31  Missile Turret  
  89  8:36  Siege Tank  
  89  8:38  SCV  
  89  8:40  Marine  
  89  8:41  Marine  
  95  8:45  Marine x2  
  97  8:52  SCV  
  97  8:53  Missile Turret  
  98  8:58  Marine x2  
  98  9:00  SCV x2, Missile Turret x2  
  102  9:07  Marine x2  
  102  9:08  Supply Depot, Marauder  
  106  9:11  Missile Turret  
  106  9:12  Medivac  
  106  9:14  Medivac  
  98  9:39  Missile Turret  
  98  9:40  Missile Turret  
  98  9:42  Missile Turret  
  98  9:43  Missile Turret  
  98  9:55  Marine x2  
  98  9:56  Marauder x2, Marine x2  
  106  10:03  Missile Turret  
  106  10:04  Missile Turret  
Tags
 
Add a new tag
Caveats
  • Supply blocks, unpowered buildings, or Contaminate may cause inaccurate times.
  • Supply counts are checked every 10 seconds.